 Dungeon Crawl Stone Soup version 0.27-a0-396-g03f4e8edb7 (webtiles) character file.

Game seed: 252404101039509253

723 Morbidden the Skirmisher (level 7, 0/56 HPs)
             Began as a Demonspawn Wanderer on Feb 21, 2021.
             Slain by a sky beast (5 damage)
             ... on level 5 of the Dungeon.
             The game lasted 00:04:40 (4143 turns).

Morbidden the Skirmisher (Demonspawn Wanderer)      Turns: 4143, Time: 00:04:41

Health: 0/56       AC: -3    Str: 12    XL:     7   Next: 43%
Magic:  7/7        EV: 15    Int: 14    God:
Gold:   116        SH:  0    Dex: 20    Spells: 6/6 levels left

rFire    . . .     SeeInvis .   a - +2 quarterstaff
rCold    . . .     Faith    .   (shield currently unavailable)
rNeg     + . .     Spirit   .   f - +1 robe {rN+}
rPois    +         Reflect  .   (helmet restricted)
rElec    .         Harm     .   (no cloak)
rCorr    .         Rampage  .   (no gloves)
Will     .....                  (no boots)
Stlth    +++.......             e - amulet of regeneration
HPRegen  1.18/turn              p - +6 ring of dexterity
MPRegen  0.10/turn              q - ring of poison resistance

@: corroded
A: horns 1, icy blue scales 1, demonic guardian 2
a: no special abilities


You were on level 5 of the Dungeon.
You visited 1 branch of the dungeon, and saw 5 of its levels.

You collected 116 gold pieces.

Inventory:

Hand Weapons
 a - a +2 quarterstaff (weapon)
Missiles
 c - 5 curare-tipped darts (quivered)
Armour
 f - a +1 robe of positive energy (worn)
Jewellery
 e - an amulet of regeneration (around neck)
 p - a +6 ring of dexterity (left hand)
 q - a ring of poison resistance (right hand)
Wands
 r - a wand of flame (10)
 u - a wand of mindburst (14)
Scrolls
 b - 2 scrolls of teleportation
 d - a scroll of random uselessness {unknown}
 g - 3 scrolls of enchant armour {unknown}
 k - 2 scrolls of amnesia {unknown}
 l - 5 scrolls of identify {unknown}
 n - 2 scrolls of magic mapping {unknown}
 o - 3 scrolls of enchant weapon {unknown}
Potions
 h - 2 potions of might {unknown}
 i - 2 potions of curing
 j - 2 potions of lignification {unknown}
 m - 2 potions of heal wounds {unknown}
 s - 2 potions of ambrosia {unknown}
 t - a potion of invisibility {unknown}
 v - a potion of berserk rage


   Skills:
 * Level 5.2 Fighting
 + Level 4.6 Staves
 * Level 3.8 Dodging
 + Level 3.1 Stealth
 + Level 2.3 Evocations


You had 6 spell levels left.
You didn't know any spells.
Your spell library contained the following spells:

 Spells                   Type           Power        Failure   Level
 Beastly Appendage        Tmut           0%           28%         1
 Sting                    Tmut/Pois      0%           28%         1


Dungeon Overview and Level Annotations

Branches:
Dungeon (5/15)
 Temple: D:4-7

Altars:
Kikubaaqudgha
Okawaru
Qazlal
Sif Muna
Trog
Vehumet
Wu Jian
Yredelemnul


Innate Abilities, Weirdness & Mutations

You have a pair of small horns on your head.
You are partially covered in icy blue scales. (AC +2)
A demonic guardian rushes to your aid.


Message History

The jelly hits you.
You are splashed with acid!
You hit the jelly.
Your hands burn!
You headbutt the jelly.
The jelly is moderately wounded.
The sky beast flickers out of sight!
Deactivating autopickup; reactivate with Ctrl-A.
The jelly hits you.
You are splashed with acid!
You completely miss the jelly. You headbutt the jelly.
The jelly is heavily wounded.
The jelly closely misses you.
A jelly is nearby!
You hit the jelly. The acid corrodes you!
Your hands burn!
The jelly is heavily wounded.
The jelly hits you.
You are splashed with acid!
A jelly is nearby!
You are too injured to fight recklessly!
A jelly is nearby!
You are too injured to fight recklessly!
You are too injured to fight recklessly!
You are too injured to fight recklessly!
You are too injured to fight recklessly!
You hit the jelly. The acid corrodes you!
Your hands burn!
* * * LOW HITPOINT WARNING * * *
You headbutt the jelly.
You kill the jelly!
Something hits you.
* * * LOW HITPOINT WARNING * * *
Something shocks you.
* * * LOW HITPOINT WARNING * * *
A demonic guardian appears!
Something completely misses you.
Unknown command.
You sock something! Your headbutt misses something. Something hits you.
* * * LOW HITPOINT WARNING * * *
Something shocks you.
* * * LOW HITPOINT WARNING * * *
Unknown command.
You feel better. Something hits you.
* * * LOW HITPOINT WARNING * * *
Something shocks you.
You die...

#......
#######.......#
#.....#.......#
#.....?.......
#..........##
#...........#
#.......>..##
#...@{......#
##..4.......#
##........<#
##........#
#........#
##...(...#
#.$.....#
#.####### ###


You could see a friendly orange demon (summoned).

Vanquished Creatures
  Sigmund (D:2)
  An ogre (D:4)
  A jelly (D:5)
  An orc priest (D:4)
  5 orc wizards (D:4)
  Natasha (twice) (D:4)
  A worker ant (D:4)
  Robin (D:4)
  3 adders
  2 adder skeletons
  2 worms
  3 dart slugs
  7 leopard geckos
  12 orcs
  2 ball pythons
  5 bats
  2 giant cockroaches (D:3)
  15 goblins
  14 hobgoblins
  4 jackals (D:3)
  3 kobolds
  A quokka (D:3)
  3 frilled lizards
  A leopard gecko skeleton (D:4)
  11 rats
103 creatures vanquished.

Vanquished Creatures (collateral kills)
  An orc warrior (D:4)
1 creature vanquished.

Grand Total: 104 creatures vanquished

Notes
Turn   | Place    | Note
-------+----------+-------------------------------------------
     0 | D:1      | Morbidden the Demonspawn Wanderer began the quest for the
                  | Orb.
     0 | D:1      | Morbidden set off with the following items: a +2
                  | quarterstaff, 2 scrolls of teleportation, a +0 robe, a +0
                  | dagger
     0 | D:1      | Reached XP level 1. HP: 18/18 MP: 1/1
   248 | D:1      | Gained mutation: You have a pair of small horns on your
                  | head. [demonic ancestry]
   248 | D:1      | Reached XP level 2. HP: 12/24 MP: 2/2
  1112 | D:2      | Reached XP level 3. HP: 26/30 MP: 3/3
  1378 | D:2      | Noticed Sigmund
  1392 | D:2      | Killed Sigmund
  1393 | D:2      | Reached skill level 4 in Fighting
  1393 | D:2      | Gained mutation: A weak demonic guardian rushes to your
                  | aid. [demonic ancestry]
  1393 | D:2      | Reached XP level 4. HP: 19/37 MP: 4/4
  1393 | D:2      | Reached XP level 5. HP: 22/42 MP: 5/5
  1962 | D:2      | Found a basalt altar of Yredelemnul.
  2452 | D:3      | Found a stormy altar of Qazlal.
  2511 | D:3      | Found a radiant altar of Vehumet.
  2512 | D:3      | Found an iron altar of Okawaru.
  2822 | D:3      | Found an ancient bone altar of Kikubaaqudgha.
  2995 | D:4      | Gained mutation: You are partially covered in icy blue
                  | scales. (AC +2) [demonic ancestry]
  2995 | D:4      | Reached XP level 6. HP: 48/49 MP: 6/6
  3090 | D:4      | Found an ornate altar of the Wu Jian Council.
  3156 | D:4      | Noticed Robin
  3185 | D:4      | Killed Robin
  3644 | D:4      | Noticed Natasha
  3656 | D:4      | Killed Natasha
  3695 | D:4      | Reached skill level 5 in Fighting
  3695 | D:4      | Gained mutation: A demonic guardian rushes to your aid.
                  | [demonic ancestry]
  3695 | D:4      | Reached XP level 7. HP: 32/56 MP: 7/7
  3750 | D:4      | Found a bloodstained altar of Trog.
  3814 | D:4      | Found a shimmering blue altar of Sif Muna.
  3817 | D:4      | Identified Sif Muna's Handbook of Changing
  3961 | D:4      | Found a shimmering blue altar of Sif Muna.
  4039 | D:4      | Noticed Natasha
  4049 | D:4      | Killed Natasha
  4129 | D:5      | Entered Level 5 of the Dungeon
  4142 | D:5      | HP: 2/56 [something (6)]
  4143 | D:5      | Slain by a sky beast

Illustrated notes

Levels and vault maps discovered:
D:1:      minmay_arrival_cross, layout_basic, st_stairs_6, minivault_19,
          corexii_leaking_fountain
D:2:      layout_basic, minivault_5, yredelemnul_altar_generic, uniq_sigmund
D:3:      layout_loops_ring, general_overflow_altar, grunt_temple_overflow_open,
          grunt_qazlal_clouds
D:4:      cheibrodos_helix_gallery, layout_loops_corners,
          nzn_overflow_gifts_of_might_and_magic, lemuel_crystal_altar,
          lemuel_blue_sif_altar, uniq_natasha, uniq_robin
D:5:      layout_cave_pods, led_xom_imps, nicolae_overflow_hidden_temple,
          okawaru_metal_pillars_1_2

Skill      XL: |  1  2  3  4  5  6 |
---------------+-------------------+-----
Dodging        | 2 3 |  3.8
Stealth        | 2 3 |  3.1
Fighting       | 4 5 |  5.2
Staves         | 2 3 4 |  4.6
Evocations     | |  2.3

Action                   |  1- 3 |  4- 6 |  7- 9 || total
-------------------------+-------+-------+-------++-------
Melee: Quarterstaff      |    67 |   165 |    40 ||   272
       Headbutt          |     5 |    32 |     8 ||    45
Evoke: Wand              |       |     4 |       ||     4
  Use: Potion            |     4 |       |     1 ||     5
 Stab: Sleeping          |     3 |     9 |     1 ||    13
Armor: Robe              |    11 |    29 |     5 ||    45
Dodge: Dodged            |    39 |   132 |    32 ||   203

Table legend: (Time is in decaauts)
 A = Elapsed time spent in this place.
 B = Non-inter-level travel time spent in this place.
 C = Inter-level travel time spent in this place.
 D = Time resting spent in this place.
 E = Time spent auto-exploring this place.
 F = Levels seen in this place.
 G = Mean time per level.
                   A        B        C        D        E       F      G
               +--------+--------+--------+--------+--------+-----+--------+
         Total |   4206 |   4099 |    107 |     16 |   3326 |   5 |  841.2 |
       Dungeon |   4206 |   4099 |    107 |     16 |   3326 |   5 |  841.2 |
               +--------+--------+--------+--------+--------+-----+--------+

Top non-repeatable levels by time:
     D:4: 1172 daAuts
     D:1: 1092 daAuts
     D:2: 987 daAuts
     D:3: 939 daAuts
     D:5: 14 daAuts
